 Dungeon Crawl Stone Soup version 0.24.0-123-gd5b16e6ec5 (webtiles) character file.

Game seed: 7528678918506439959, levelgen mode: deterministic

159 McKennaii the Gusty (level 5, -1/28 HPs)
             Began as a Tengu Air Elementalist on Jan 5, 2020.
             Was a Follower of Sif Muna.
             Slain by an iguana (7 damage)
             ... on level 4 of the Dungeon.
             The game lasted 00:06:40 (3402 turns).

McKennaii the Gusty (Tengu Air Elementalist)        Turns: 3402, Time: 00:06:40

Health: -1/28      AC:  3    Str:  8    XL:     5   Next: 40%
Magic:  5/9        EV: 12    Int: 17    God:    Sif Muna [*.....]
Gold:   209        SH:  0    Dex: 14    Spells: 1/9 levels left

rFire    . . .     SeeInvis .   (no weapon)
rCold    . . .     Gourm    .   (no shield)
rNeg     . . .     Faith    .   a - +0 robe
rPois    .         Spirit   .   (helmet restricted)
rElec    .         Reflect  .   b - +0 cloak
rCorr    .         Harm     .   (no gloves)
MR       .....                  (boots unavailable)
Stlth    ++........             (no amulet)
HPRegen  0.09/turn              (no ring)
MPRegen  0.11/turn              (no ring)

@: berserk cooldown, slowed, very slow
A: beak, talons 3, able to fly
a: Fly, Channel Magic, Renounce Religion


You were on level 4 of the Dungeon.
You worshipped Sif Muna.
Sif Muna was aware of your devotion.
You were not hungry.

You visited 1 branch of the dungeon, and saw 4 of its levels.

You collected 209 gold pieces.

Inventory:

Armour
 a - a +0 robe (worn)
 b - a +0 cloak (worn)
Jewellery
 o - an uncursed ring of flight {unknown}
Wands
 p - a wand of iceblast (10)
Scrolls
 d - 5 scrolls of identify {unknown}
 e - a scroll of blinking {unknown}
 h - a scroll of immolation {unknown}
 i - a scroll of enchant armour {unknown}
 j - a scroll of amnesia {unknown}
 k - a scroll of noise {unknown}
 l - a scroll of remove curse {unknown}
 m - 3 scrolls of random uselessness {unknown}
Potions
 g - 4 potions of curing
 n - a potion of resistance {unknown}
Comestibles
 c - 6 rations
 q - 3 chunks of flesh


   Skills:
 + Level 2.2 Dodging
 + Level 2.3 Stealth
 + Level 2.6 Spellcasting
 + Level 3.3 Conjurations
 * Level 6.3 Air Magic


You had one spell level left.
You knew the following spells:

 Your Spells              Type           Power        Failure   Level  Hunger
a - Shock                 Conj/Air       ###.         2%          1    #......
b - Swiftness             Chrm/Air       ##......     8%          2    ##.....
c - Lightning Bolt        Conj/Air       ###.......   56%         5    ######.

Your spell library contained the following spells:

 Spells                   Type           Power        Failure   Level  Hunger
 Static Discharge         Conj/Air       ###.....     8%          3    ###....
 Airstrike                Air            ###.......   13%         4    #####..


Dungeon Overview and Level Annotations

Branches:
Dungeon (4/15)
 Temple: D:4-7

Altars:
Cheibriados
Sif Muna
The Shining One


Innate Abilities, Weirdness & Mutations

You have a beak for a mouth.
You have claws for feet.
You can fly continuously.


Message History

You feel sick.
The worker ant bites you but does no damage.
Unknown command.
You closely miss the worker ant.
The worker ant is almost dead.
The worker ant closely misses you.
You hit the worker ant.
You kill the worker ant!
Sif Muna accepts your kill.
* * * LOW HITPOINT WARNING * * *
You feel sick.
Unknown command.
You feel a strong urge to attack something.
You are no longer berserk.
You are exhausted.
You feel yourself slow down.
* * * LOW HITPOINT WARNING * * *
You feel sick.
It was a potion of curing.
You feel better. The iguana bites you!
You die...

#. # #.# # .. ##### # #.
#...# # #.## #†..# #
######..############...###
........l@.........'...'..
######r###....##.##...###
#..##....##.##...#
##†##....##.######
#r##....##.# #.##....##.#
#..#....##.# ##.#....##.#
#..######.#


You could see an iguana and a quokka.

Vanquished Creatures
  An orc wizard (D:3)
  A worker ant (D:4)
  A gnoll (D:3)
  An ooze (D:3)
  A worm (D:2)
  A dart slug (D:2)
  5 leopard geckos
  5 orcs (D:3)
  7 bats
  7 giant cockroaches
  6 goblins
  4 hobgoblins
  9 jackals
  14 kobolds
  A quokka (D:3)
  4 frilled lizards
  6 rats
74 creatures vanquished.

Notes
Turn   | Place    | Note
-------+----------+-------------------------------------------
     0 | D:1      | McKennaii the Tengu Air Elementalist began the quest for
                  | the Orb.
     0 | D:1      | Reached XP level 1. HP: 10/10 MP: 4/4
   192 | D:1      | Reached XP level 2. HP: 15/15 MP: 0/6
   896 | D:1      | Reached XP level 3. HP: 19/19 MP: 2/7
  1018 | D:1      | Reached skill level 5 in Air Magic
  1492 | D:2      | Learned a level 2 spell: Swiftness
  1946 | D:2      | Found a shimmering blue altar of Sif Muna.
  1949 | D:2      | Became a worshipper of Sif Muna the Loreminder
  1987 | D:2      | Reached XP level 4. HP: 24/24 MP: 4/8
  2180 | D:2      | Found a glowing golden altar of the Shining One.
  2769 | D:3      | Reached skill level 6 in Air Magic
  2856 | D:3      | Gained mutation: You can fly continuously. [Tengu growth]
  2856 | D:3      | Reached XP level 5. HP: 28/28 MP: 7/9
  2863 | D:3      | Learned a level 5 spell: Lightning Bolt
  2924 | D:3      | Found a snail-covered altar of Cheibriados.
  3283 | D:4      | Reached * piety under Sif Muna
  3401 | D:4      | HP: 1/28 [poisoned by a worker ant]
  3402 | D:4      | Slain by an iguana

Levels and vault maps discovered:
D:1:      ebering_hopf_link, layout_basic
D:2:      layout_basic, nicolae_tso_swordbearing_angel, lemuel_blue_sif_altar
D:3:      minmay_wonky_spiral, layout_loops_ring, cheibriados_altar_1
D:4:      layout_basic, nicolae_overflow_hidden_temple

Skill      XL: |  1  2  3  4 |
---------------+-------------+-----
Conjurations   | 2 3 |  3.3
Air Magic      | 5 6 |  6.3
Dodging        | |  2.2
Stealth        | |  2.3
Spellcasting   | |  2.6

Action                   |  1- 3 |  4- 6 || total
-------------------------+-------+-------++-------
Melee: Unarmed           |     5 |     2 ||     7
       Kick              |     2 |       ||     2
       Peck              |     1 |       ||     1
 Cast: Shock             |    78 |    53 ||   131
  Use: Potion            |       |     2 ||     2
  Eat: Chunk             |     4 |     5 ||     9
Armor: Robe              |     4 |     3 ||     7
Dodge: Dodged            |     7 |     7 ||    14
